 Dungeon Crawl Stone Soup version 0.27.1 (webtiles) character file.

Game seed: 1417589434616177610

16 MajorAdolf the Digger (level 2, -1/24 HPs)
             Began as a Naga Wanderer on Aug 31, 2021.
             Slain by a frilled lizard (2 damage)
             ... on level 1 of the Dungeon.
             The game lasted 00:01:12 (1029 turns).

MajorAdolf the Digger (Naga Wanderer)               Turns: 1029, Time: 00:01:13

Health: -1/24      AC:  1    Str: 12    XL:     2   Next: 54%
Magic:  5/5        EV:  9    Int: 16    God:
Gold:   31         SH:  0    Dex:  8    Spells: 4/5 levels left

rFire    . . .     SeeInvis +   a - +0 club
rCold    . . .     Faith    .   (no shield)
rNeg     . . .     Spirit   .   b - +0 robe
rPois    +         Reflect  .   (no helmet)
rElec    .         Harm     .   (no cloak)
rCorr    .         Rampage  .   (no gloves)
Will     .....                  (no barding)
Stlth    ++........             (no amulet)
HPRegen  0.08/turn              (no ring)
MPRegen  0.09/turn              (no ring)

@: very slow
A: AC +0, large, see invisible, deformed body, poison resistance, slowness 2,
spit poison 1, naga tail 1
a: Spit Poison


You were on level 1 of the Dungeon.
You visited 1 branch of the dungeon, and saw 1 of its levels.

You collected 31 gold pieces.

Inventory:

Hand Weapons
 a - a +0 club (weapon)
Armour
 b - a +0 robe (worn)
Wands
 c - a wand of flame (15)
Scrolls
 d - a scroll of silence {unknown}
 e - 2 scrolls of identify {unknown}
 f - a scroll of amnesia {unknown}


   Skills:
 + Level 0.8 Fighting
 + Level 2.3 Stealth
 - Level 2.0 Spellcasting
 + Level 0.8 Conjurations
 - Level 2.0 Necromancy
 + Level 3.2 Earth Magic
 - Level 1.3 Poison Magic
 - Level 1.0 Evocations


You had 4 spell levels left.
You knew the following spells:

 Your Spells              Type           Power      Damage    Failure   Level
a - Sandblast             Erth           22%        2d7       5%          1

Your spell library contained the following spells:

 Spells                   Type           Power      Damage    Failure   Level
 Stone Arrow              Conj/Erth      16%        3d8       26%         3
 Ensorcelled Hibernation  Hex/Ice        2%         N/A       30%         2
 Slow                     Hex            1%         N/A       30%         2


Dungeon Overview and Level Annotations

Branches:
Dungeon (1/15)

Altars:


Innate Abilities, Weirdness & Mutations

Your serpentine skin is tough. (AC +0)
You have supernaturally acute eyesight. (SInv)
Armour fits poorly on your strangely shaped body.
Your system is resistant to poisons. (rPois)
You cover ground very slowly.
You can spit poison.
You have a snake-like lower body.


Message History

You completely miss the dart slug.
The dart slug is severely wounded.
The frilled lizard bites you. The dart slug bites you.
The frilled lizard closely misses you.
You hit the dart slug but do no damage.
The dart slug is severely wounded.
The dart slug bites you. The frilled lizard bites you.
Unknown command.
You hit the dart slug.
The dart slug is almost dead.
The frilled lizard bites you. The dart slug barely misses you.
You hit the dart slug but do no damage.
The dart slug is almost dead.
The frilled lizard bites you but does no damage.
The dart slug bites you. The frilled lizard bites you.
You hit the dart slug but do no damage.
The dart slug is almost dead.
The dart slug misses you. The frilled lizard barely misses you.
Unknown command.
You hit the dart slug.
You kill the dart slug!
The frilled lizard bites you.
* * * LOW HITPOINT WARNING * * *
The frilled lizard bites you.
* * * LOW HITPOINT WARNING * * *
You see here a dart slug corpse.
Press: ? - help, Shift-Dir - straight line, f - frilled lizard
Aim: a frilled lizard The splash of poison misses the frilled lizard.
The frilled lizard bites you.
* * * LOW HITPOINT WARNING * * *
Unknown command.
A frilled lizard is nearby!
You closely miss the frilled lizard. The frilled lizard closely misses you.
You barely miss the frilled lizard. The frilled lizard bites you.
* * * LOW HITPOINT WARNING * * *
You miss the frilled lizard.
You have got your breath back.
The frilled lizard bites you.
You die...

###############
#..........÷..#
#.###########÷#
#...# #..# ###.#
##..# #.#
###...# ######.#
###...###
#....l.+##...###
#.####@##...##
#.###...### ..#
###...### ####
####
###...##....
###...####.##.
##...### #.#..
#...## ##....
##...### #...)#
###...######..


You could see a frilled lizard.

Vanquished Creatures
  A dart slug (D:1)
  2 hobgoblins (D:1)
  3 jackals (D:1)
  2 kobolds (D:1)
  A quokka (D:1)
  A bat (D:1)
  2 rats (D:1)
12 creatures vanquished.

Notes
Turn   | Place    | Note
-------+----------+-------------------------------------------
     0 | D:1      | MajorAdolf the Naga Wanderer began the quest for the Orb.
     0 | D:1      | MajorAdolf set off with the following items: a +0 club, a
                  | +0 robe, a wand of flame (15); and the following spell
                  | memorised: Sandblast; and the following spells available to
                  | memorise: Ensorcelled Hibernation, Slow, Stone Arrow
     0 | D:1      | Reached XP level 1. HP: 15/15 MP: 3/3
   685 | D:1      | Reached XP level 2. HP: 24/24 MP: 5/5
  1028 | D:1      | HP: 1/24 [frilled lizard (2)]
  1029 | D:1      | Slain by a frilled lizard

Illustrated notes

Levels and vault maps discovered:
D:1:      dpeg_arrival_three_same_balls, layout_basic, serial_curves,
          eino_curves_04, eino_curves_03, minmay_lizard_king

Skill      XL: |  1 |
---------------+----+-----
Stealth        | 2 |  2.3
Fighting       | |  0.8
Spellcasting   | |  2.0
Conjurations   | |  0.8
Necromancy     | |  2.0
Earth Magic    | |  3.2
Poison Magic   | |  1.3
Evocations     | |  1.0

Action                   || total
-------------------------++-------
Melee: Club              ||    28
 Abil: Spit Poison       ||    17
Armor: Robe              ||     1
Dodge: Dodged            ||    25
